 Dungeon Crawl Stone Soup version 0.27.0-1-g7a08968 (webtiles) character file.

Game seed: 7556216747829428848

446 Illumine the Magician (level 7, -8/40 HPs)
             Began as a Gargoyle Artificer on Aug 12, 2021.
             Splashed by a jelly's acid (9 damage)
             ... on level 5 of the Dungeon.
             The game lasted 00:07:16 (4442 turns).

Illumine the Magician (Gargoyle Artificer)          Turns: 4442, Time: 00:07:16

Health: -8/40      AC:  0    Str: 18    XL:     7   Next: 3%
Magic:  21/21      EV: 11    Int: 11    God:
Gold:   181        SH:  5    Dex: 10    Spells: 11/13 levels left

rFire    . . .     SeeInvis .   i - +3 dagger (vamp)
rCold    . . .     Faith    .   (no shield)
rNeg     + . .     Spirit   .   b - +0 leather armour
rPois    ∞         Reflect  +   (no helmet)
rElec    +         Harm     .   (no cloak)
rCorr    .         Rampage  .   (no gloves)
Will     .....                  (no boots)
Stlth    +.........             j - amulet of reflection
HPRegen  0.13/turn              o - ring of magical power
MPRegen  0.17/turn              h - ring of wizardry

@: corroded
A: sickness immunity, AC +4, negative energy resistance 1, electricity
resistance, torment resistance 1, petrification resistance
a: no special abilities


You were on level 5 of the Dungeon.
You visited 1 branch of the dungeon, and saw 6 of its levels.

You collected 181 gold pieces.

Inventory:

Hand Weapons
 a - a +0 club
 i - a +3 vampiric dagger (weapon)
Armour
 b - a +0 leather armour (worn)
Magical Staves
 s - a staff of conjuration
Jewellery
 f - a ring of protection from cold
 h - a ring of wizardry (right hand)
 j - an amulet of reflection (around neck)
 o - a ring of magical power (left hand)
Wands
 c - a wand of flame (3) (quivered)
 d - a wand of charming (23)
Scrolls
 g - 3 scrolls of enchant weapon {unknown}
 l - a scroll of magic mapping {unknown}
 p - a scroll of fear {unknown}
 q - a scroll of vulnerability {unknown}
 t - 3 scrolls of teleportation {unknown}
 u - a scroll of enchant armour {unknown}
 y - a scroll of torment {unknown}
Potions
 k - a potion of berserk rage
 m - a potion of might
 n - 5 potions of curing
 r - a potion of flight {unknown}
 v - 2 potions of brilliance {unknown}
 w - 3 potions of degeneration {unknown}
 x - a potion of attraction {unknown}
Miscellaneous
 e - a piece from Xom's chessboard (14/15)


   Skills:
 - Level 2.3 Fighting
 + Level 2.3 Short Blades
 - Level 2.1 Maces & Flails
 - Level 2.1 Armour
 - Level 0.7 Dodging
 - Level 1.1 Stealth
 * Level 3.5 Spellcasting
 + Level 1.2 Conjurations
 + Level 2.3 Summonings
 - Level 3.0 Evocations


You had 11 spell levels left.
You knew the following spells:

 Your Spells              Type           Power      Damage    Failure   Level
a - Apportation           Tloc           2%         N/A       12%         1
b - Summon Small Mammal   Summ           28%        N/A       4%          1

Your spell library contained the following spells:

 Spells                   Type           Power      Damage    Failure   Level
 Animate Skeleton         Necr           2%         N/A       12%         1
 Corona                   Hex            1%         N/A       12%         1


Dungeon Overview and Level Annotations

Branches:
Dungeon (6/15)
 Temple: D:4-7

Altars:

Shops:
D:1 !   D:4 *   D:6 [

Annotations:
D:2 Sigmund


Innate Abilities, Weirdness & Mutations

You are immune to sickness and miasma.
Your stone body is resilient. (AC +4)
You are immune to poison.
You resist negative energy. (rN+)
You are resistant to electric shocks. (rElec)
You are resistant to unholy torment.
You are immune to petrification.


Message History

There is an escape hatch in the floor here.
There is a stone staircase leading down here.
You climb downwards.
A jelly and a zombie come into view.
Found a gold wand.
Found Zeepu's Antique Armour Boutique.
There is a stone staircase leading up here.
The jelly quivers.
The jelly hits you but does no damage.
You hit the jelly.
Your hands burn!
The jelly is lightly wounded.
There is a stone staircase leading up here.
You hit the jelly.
You feel better.
Your hands burn!
The jelly is moderately wounded.
The jelly hits you but does no damage. You block the bullfrog zombie's attack.
You hit the jelly.
Your hands burn!
The jelly is heavily wounded.
You block the jelly's attack.
The bullfrog zombie hits you but does no damage.
You hit the jelly.
You feel better.
Your hands burn!
The jelly is almost dead.
The jelly hits you but does no damage. The bullfrog zombie barely misses you.
You hit the jelly but do no damage. The acid corrodes you!
Your hands burn!
The jelly is almost dead.
The bullfrog zombie closely misses you. The jelly closely misses you.
You hit the jelly.
Your hands burn!
The jelly is almost dead.
The bullfrog zombie hits you. The jelly hits you. The acid corrodes you!
You are splashed with acid!
* * * LOW HITPOINT WARNING * * *
The bullfrog zombie hits you.
* * * LOW HITPOINT WARNING * * *
You block the jelly's attack.
You climb upwards.
There is a stone staircase leading down here.
Unknown command.
You make a move on Xom's chessboard...
The jelly twists and deforms.
The jelly hits you.
* * * LOW HITPOINT WARNING * * *
You are splashed with acid!
You die...

#.##.# #.##.#
#.##.# #.##.#
#.##.# #.##.#
###.##.# #.##.#
####......# #>##.#
.....#.#######.##.#
##♣♣
###............##.#
#..≈
##.#...<#######J#
#.♣
#.#....##....@.#
#.♣♣
#.##...##.######
#..# #.###.###.#
##.# ####.# #.# #.#
#.# #....# #.# #.#
#.# ..#..###.###.#
#.# .###.##...##.##
##.#
..#..#........###
####...
#...............#
##....#.


You could see a jelly (misshapen).

Vanquished Creatures
  A necrophage (D:4)
  An ogre (D:4)
  A water moccasin skeleton (D:4)
  A centaur zombie (D:5)
  A hound (D:5)
  An orc priest (D:4)
  A hound skeleton (D:3)
  5 adders
  An ufetubus (D:5)
  A worm (D:3)
  2 dart slugs
  3 orcs (D:4)
  5 endoplasms
  A giant cockroach (D:3)
  6 goblins
  8 hobgoblins
  4 jackals (D:4)
  3 quokkas
  7 ball pythons
  5 bats
  3 frilled lizards
  10 kobolds
  4 rats
75 creatures vanquished.

Vanquished Creatures (others)
  An orc (D:4)
1 creature vanquished.

Grand Total: 76 creatures vanquished

Notes
Turn   | Place    | Note
-------+----------+-------------------------------------------
     0 | D:1      | Illumine the Gargoyle Artificer began the quest for the
                  | Orb.
     0 | D:1      | Reached XP level 1. HP: 12/12 MP: 1/1
   509 | D:1      | Reached skill level 1 in Maces & Flails
   509 | D:1      | Reached XP level 2. HP: 10/16 MP: 2/2
   670 | D:1      | Found a faded altar of an unknown god.
   764 | D:1      | Found Zazer's Distillery.
  1142 | D:1      | Reached XP level 3. HP: 20/21 MP: 3/3
  1540 | D:2      | Noticed Sigmund
  1657 | D:2      | Learned a level 1 spell: Apportation
  1659 | D:2      | Learned a level 1 spell: Summon Small Mammal
  1918 | D:3      | Reached XP level 4. HP: 26/26 MP: 4/4
  2008 | D:3      | Reached skill level 1 in Spellcasting
  2707 | D:4      | Noticed a necrophage
  2718 | D:4      | Killed a necrophage
  2719 | D:4      | Reached skill level 1 in Short Blades
  2719 | D:4      | Reached skill level 1 in Summonings
  2719 | D:4      | Reached XP level 5. HP: 28/30 MP: 6/8
  2885 | D:4      | Reached XP level 6. HP: 15/35 MP: 8/10
  3141 | D:4      | HP: 1/35 [ogre (18)]
  3499 | D:4      | Found Iliomm's Assorted Antiques.
  3874 | D:5      | Entered Level 5 of the Dungeon
  4092 | D:5      | Reached skill level 1 in Conjurations
  4184 | D:5      | Noticed an ice beast
  4303 | D:5      | Reached XP level 7. HP: 40/40 MP: 12/12
  4431 | D:6      | Found Zeepu's Antique Armour Boutique.
  4442 | D:5      | HP: 1/40 [jelly (2)]
  4442 | D:5      | Splashed by a jelly's acid

Illustrated notes

Levels and vault maps discovered:
D:1:      lemuel_arrival_behind_the_door_large, layout_basic, serial_rivers,
          chequers_serial_rivers_micro_b, chequers_serial_rivers_small_b,
          chequers_serial_rivers_micro_b, chequers_serial_rivers_micro_b,
          chequers_serial_rivers_large_a, serial_shops, nicolae_shop_stone,
          ebering_ecumenical_altar_hall, minmay_quantized
D:2:      layout_rooms, uniq_sigmund
D:3:      layout_loops_ring
D:4:      layout_basic, serial_shops, nicolae_shop_overgrown_old_shop,
          minmay_between
D:5:      layout_loops_ring, serial_shops, nicolae_diamond_shop,
          minmay_strange_pillars, serial_bayou_crossing
D:6:      layout_loops_cross, grunt_temple_overflow_open,
          minmay_temple_entry_tees, serial_shops, nicolae_shop_trees, shop,
          nicolae_stop_n_shop_1, shop, kennysheep_mini_moat,
          hangedman_decor_points, amethyst_killhole, uniq_grinder

Skill      XL: |  1  2  3  4  5  6 |
---------------+-------------------+-----
Maces & Flails | 1 2 |  2.1
Evocations     | 3 |  3.0
Fighting       | 2 |  2.3
Spellcasting   | 2 3 |  3.5
Short Blades   | 1 2 |  2.3
Summonings     | 1 2 |  2.3
Conjurations   | 1 |  1.2
Armour         | |  2.1
Dodging        | |  0.7
Stealth        | |  1.1

Action                   |  1- 3 |  4- 6 |  7- 9 || total
-------------------------+-------+-------+-------++-------
Melee: Club              |    28 |       |       ||    28
       Dagger            |   112 |   185 |     6 ||   303
Evoke: Wand              |     2 |    12 |       ||    14
       Piece from Xom's  |       |     1 |     1 ||     2
  Use: Scroll            |       |     3 |       ||     3
 Stab: Sleeping          |     2 |       |       ||     2
       Petrified         |       |     3 |       ||     3
Armor: Leather armour    |    49 |    51 |     4 ||   104
Dodge: Dodged            |    76 |    93 |     3 ||   172
Block: Other             |    15 |    28 |     3 ||    46
       Reflection        |     1 |       |       ||     1
